 Dungeon Crawl Stone Soup version 0.29-a0-330-g52719c12eb (webtiles) character file.

Game seed: 5109785182050647737

64 tilp the Charlatan (level 3, -2/27 HPs)
             Began as a Mummy Artificer on May 12, 2022.
             Slain by a gnoll
             ... wielding a +0 halberd
              (6 damage)
             ... on level 2 of the Dungeon.
             The game lasted 00:03:04 (1609 turns).

tilp the Charlatan (Mummy Artificer)                Turns: 1609, Time: 00:03:05

Health: -2/27      AC:  6    Str: 17    XL:     3   Next: 91%
Magic:  3/3        EV: 11    Int: 10    God:
Gold:   69         SH:  0    Dex: 12    Spells: 2/2 levels left

rFire   x . .      SeeInvis .   b - +0 mace
rCold   + . .      Faith    .   (no shield)
rNeg    + + +      Spirit   .   h - +0 ring mail
rPois   ∞          Reflect  .   k - +0 helmet
rElec   .          Harm     .   (no cloak)
rCorr   .          Rampage  .   (no gloves)
Will    .....                   (no boots)
Stlth   +.........              (no amulet)
HPRegen 0.09/turn               (no ring)
MPRegen 0.08/turn               (no ring)

@: no status effects
A: cold resistance 1, negative energy resistance 3, torment resistance 2, heat
vulnerability 1, in touch with death 1, no potions
a: no special abilities


You were on level 2 of the Dungeon.
You visited 1 branch of the dungeon, and saw 2 of its levels.

You collected 69 gold pieces.

Inventory:

Hand Weapons
 a - a +0 dagger
 b - a +0 mace (weapon)
Missiles
 o - 6 stones (quivered)
 r - 2 silver boomerangs
Armour
 h - a +0 ring mail (worn)
 k - a +0 helmet (worn)
Magical Staves
 m - a staff of cold
Jewellery
 f - a ring of ice
Wands
 c - a wand of flame (15)
 d - a wand of charming (14)
 e - a wand of iceblast (9)
Scrolls
 g - a scroll of brand weapon
 i - 3 scrolls of fog
 j - a scroll of identify
 l - a scroll of amnesia
 n - a scroll of magic mapping {unknown}
 p - a scroll of torment {unknown}
 q - a scroll of teleportation {unknown}


   Skills:
 * Level 2.0 Fighting
 + Level 1.9 Armour
 * Level 1.6 Dodging
 + Level 1.2 Stealth
 * Level 2.9 Evocations


You had 2 spell levels left.
You didn't know any spells.
Your spell library was empty.

Dungeon Overview and Level Annotations

Branches:
Dungeon (2/15)

Altars:
Qazlal


Innate Abilities, Weirdness & Mutations

You are immune to poison.
Your flesh is cold resistant. (rC+)
You are immune to negative energy. (rN+++)
You are immune to unholy pain and torment.
You are vulnerable to heat. (rF-)
You are in touch with the powers of death.
You do not drink.


Message History

You hit the gnoll but do no damage. The gnoll closely misses you.
You hit the gnoll but do no damage. The gnoll barely misses you.
You hit the gnoll but do no damage. The gnoll hits you with a +0 whip!
The gnoll hits you with a +0 whip.
You thump the gnoll!
The gnoll is heavily wounded.
The gnoll barely misses you.
You barely miss the gnoll.
The gnoll is heavily wounded.
The gnoll hits you with a +0 whip. The gnoll hits you but does no damage.
You hit the gnoll but do no damage.
The gnoll is heavily wounded.
The gnoll closely misses you.
You completely miss the gnoll.
The gnoll is heavily wounded.
The gnoll hits you with a +0 whip.
* * * LOW HITPOINT WARNING * * *
You barely miss the gnoll.
The gnoll is heavily wounded.
The gnoll barely misses you. The gnoll closely misses you.
You hit the gnoll.
The gnoll is almost dead.
The gnoll closely misses you.
You hit the gnoll.
You kill the gnoll!
The endoplasm hits you but does no damage.
Your Fighting skill increases to level 2!
You hit the endoplasm. You punch the endoplasm.
The endoplasm is heavily wounded.
The endoplasm closely misses you.
You thump the endoplasm!
You kill the endoplasm!
The adder bites you.
* * * LOW HITPOINT WARNING * * *
Aiming: Charm
Press: ? - help, Shift-Dir - straight line, f - adder
Aim: an adder (chance to affect: 65%)
The adder is charmed.
The gnoll hits you from afar with a +0 halberd.
You die...

#.......†.......
##.#.###.#
######.######### #.#
.....#...# ###.#
####.###.# # #.##.# #.#
#†# .###.# #.# #.# #.#
####.#.# #g#
####.###.####### #.....#
#.#
...............#####.....#
#g#
.#######.#####..@Sgg.....#
#.# .#
#.###########.....## #.#
## #......# #....†.####.#
# ######.# ###....!†...# #
#.# ##...######
#.##########.##
#............#
##############


You could see 2 gnolls and a friendly adder (charmed).

Vanquished Creatures
  A gnoll (D:2)
  An adder (D:2)
  A worm (D:2)
  3 dart slugs
  5 bats
  3 endoplasms
  2 giant cockroaches
  4 goblins
  2 hobgoblins (D:1)
  7 ball pythons
  A frilled lizard (D:1)
  3 kobolds (D:1)
  3 rats
36 creatures vanquished.

Notes
Turn   | Place    | Note
-------+----------+-------------------------------------------
     0 | D:1      | tilp the Mummy Artificer began the quest for the Orb.
     0 | D:1      | Reached XP level 1. HP: 15/15 MP: 1/1
   189 | D:1      | Found a faded altar of an unknown god.
   323 | D:1      | Reached skill level 1 in Dodging
   330 | D:1      | Reached XP level 2. HP: 16/21 MP: 2/2
   439 | D:1      | Reached skill level 1 in Stealth
  1173 | D:2      | Gained mutation: You are in touch with the powers of death.
                  | [Mummy growth]
  1173 | D:2      | Reached XP level 3. HP: 25/26 MP: 3/3
  1389 | D:2      | Found a stormy altar of Qazlal.
  1609 | D:2      | Slain by a gnoll

Illustrated notes

Levels and vault maps discovered:
D:1:      heliophobic_arrival_battle_scene, layout_basic,
          ebering_ecumenical_altar_box
D:2:      layout_loops_ring, basic_altar

Skill      XL: |  1  2  3 |
---------------+----------+-----
Dodging        | 1 |  1.6
Stealth        | 1 |  1.2
Fighting       | 2 |  2.0
Armour         | |  1.9
Evocations     | |  2.9

Action                   || total
-------------------------++-------
Melee: Mace              ||   120
       Dagger            ||     2
       Punch             ||     3
Throw: Stone             ||    12
Evoke: Wand              ||     1
  Use: Scroll            ||     3
Armor: Ring mail         ||    58
Dodge: Dodged            ||    71

Table legend: (Time is in decaauts)
 A = Elapsed time spent in this place.
 B = Non-inter-level travel time spent in this place.
 C = Inter-level travel time spent in this place.
 D = Time resting spent in this place.
 E = Time spent auto-exploring this place.
 F = Levels seen in this place.
 G = Mean time per level.
                   A        B        C        D        E       F      G
               +--------+--------+--------+--------+--------+-----+--------+
         Total |   1657 |   1525 |    132 |      0 |   1153 |   2 |  828.5 |
       Dungeon |   1657 |   1525 |    132 |      0 |   1153 |   2 |  828.5 |
               +--------+--------+--------+--------+--------+-----+--------+

Top non-repeatable levels by time:
     D:1: 1109 daAuts
     D:2: 548 daAuts
